 Dungeon Crawl Stone Soup version 0.30.1 (webtiles) character file.

Game seed: 11753852203019589416

6 7w4c the Caller (level 1, -3/13 HPs)
             Began as a Merfolk Summoner on July 11, 2023.
             Slain by a quokka (4 damage)
             ... on level 1 of the Dungeon.
             The game lasted 00:01:48 (187 turns).

7w4c the Caller (Merfolk Summoner)                   Turns: 187, Time: 00:01:48

Health: -3/13      AC:  2    Str:  8    XL:     1   Next: 90%
Magic:  3/3        EV: 12    Int: 14    God:
Gold:   34         SH:  0    Dex: 14    Spells: 3/4 levels left

rFire   . . .        c - +0 club
rCold   . . .        (no shield)
rNeg    . . .        a - +0 robe
rPois   .            (no helmet)
rElec   .            (no cloak)
rCorr   .            (no gloves)
SInv    .            (no boots)
Will    .....        (no amulet)
Stlth   ++           (no ring)
HPRegen 0.22/turn    (no ring)
MPRegen 0.08/turn

%: no passive effects
@: no status effects
A: (nimble swimmer 2), mertail
a: no special abilities


You were on level 1 of the Dungeon.
You visited 1 branch of the dungeon, and saw 1 of its levels.

You collected 34 gold pieces.

Inventory:

Hand Weapons
 c - a +0 club (weapon)
Armour
 a - a +0 robe (worn)
Scrolls
 d - a scroll of fog {unknown}
Potions
 b - a potion of magic


   Skills:
 + Level 2.6 Dodging
 + Level 2.5 Stealth
 + Level 2.1 Spellcasting
 + Level 4.0 Summonings


You had 3 spell levels left.
You knew the following spells:

 Your Spells              Type           Power      Damage    Failure   Level
a - Summon Small Mammal   Summ           48%        N/A       4%          1

Your spell library contained the following spells:

 Spells                   Type           Power      Damage    Failure   Level
 Call Imp                 Summ           24%        N/A       7%          2
 Call Canine Familiar     Summ           12%        N/A       13%         3
 Summon Guardian Golem    Hex/Summ       7%         N/A       30%         3
 Summon Lightning Spire   Summ/Air       7%         N/A       71%         4


Dungeon Overview and Level Annotations

Branches:
Dungeon (1/15)

Altars:


Innate Abilities, Weirdness & Mutations

((You are very nimble when in or above water. (Stealth+, EV+, Speed+++)))
Your lower body shifts to a powerful aquatic tail in water.


Message History

A frilled lizard comes into view.
The great orb of eyes pulsates ominously.
A quokka comes into view.
The eye of devastation turns its gaze towards you.
A kobold and a frilled lizard come into view.
The frilled lizard hisses angrily.
The kobold shouts!
The eye of devastation pulsates ominously.
The frilled lizard misses you.
You miss the frilled lizard. The frilled lizard barely misses you.
The kobold closely misses you.
You closely miss the frilled lizard.
The frilled lizard bites you but does no damage.
The kobold hits you with a +0 dagger.
You miss the frilled lizard.
The frilled lizard bites you but does no damage.
The kobold misses you. The kobold hits you with a +0 dagger.
The frilled lizard bites you but does no damage.
You barely miss the frilled lizard. The kobold closely misses you.
The frilled lizard bites you but does no damage.
You closely miss the frilled lizard. The frilled lizard closely misses you.
The kobold barely misses you.
You hit the frilled lizard.
You kill the frilled lizard!
The kobold misses you. The kobold hits you with a +0 dagger.
The kobold hits you with a +0 dagger.
You hit the kobold.
You kill the kobold!
You hit the frilled lizard.
You kill the frilled lizard!
The quokka bites you. The quokka barely misses you.
You see here a +0 dagger.
You miss the quokka. The quokka completely misses you.
You hit the quokka but do no damage. The quokka bites you.
The quokka closely misses you.
You closely miss the quokka. The quokka bites you.
* * * LOW HITPOINT WARNING * * *
You closely miss the quokka. The quokka misses you. The quokka bites you.
* * * LOW HITPOINT WARNING * * *
You barely miss the quokka. The quokka bites you.
You die...

### #..### ..####
#.#... #.##.. .....
#.##r# #..#
#.##.###..#
#.##.##...##.
###.##.#....##. .
#.@r........##.# .
#.###...###..#.# .
#.#G#...#G#..#.###.
#.###...###.......#
..........†..##....
......_.....#......
#.............>.....
#..###...###........
G#...#G#.#......


You could see an eye of devastation and a quokka.

Vanquished Creatures
  A ball python (D:1)
  A goblin (D:1)
  2 kobolds (D:1)
  2 frilled lizards (D:1)
6 creatures vanquished.

Notes
Turn   | Place    | Note
-------+----------+-------------------------------------------
     0 | D:1      | 7w4c the Merfolk Summoner began the quest for the Orb.
     0 | D:1      | Reached XP level 1. HP: 13/13 MP: 3/3
   138 | D:1      | Found a faded altar of an unknown god.
   138 | D:1      | Noticed a great orb of eyes
   152 | D:1      | Noticed a great orb of eyes
   152 | D:1      | Noticed an eye of devastation
   152 | D:1      | Noticed a shining eye
   187 | D:1      | Slain by a quokka

Illustrated notes

Levels and vault maps discovered:
D:1:      matt_arrival_spirals, layout_loops_ring, serial_shops, shop,
          hellmonk_ecumenical_altar_watching_god

Action                     || total
---------------------------++-------
  Melee: Club              ||    19
         Unarmed           ||     6
         Punch             ||     1
   Cast: Summon Small Mamm ||     5
   Stab: Sleeping          ||     1
 Armour: Robe              ||     4
  Dodge: Dodged            ||    26
